 Dungeon Crawl Stone Soup version 0.18.1-8-gdd0e5ea (webtiles) character file.

214 Guinours the Shield-Bearer (level 6, -1/48 HPs)
             Began as a Formicid Fighter on May 30, 2016.
             Slain by Grinder (4 damage)
             ... on level 3 of the Dungeon.
             The game lasted 00:08:30 (2794 turns).

Guinours the Shield-Bearer (Formicid Fighter)       Turns: 2794, Time: 00:08:31

Health: -1/48      AC:  7    Str: 20    XL:     6   Next: 15%
Magic:  6/6        EV:  9    Int:  8    God:
Gold:   85         SH: 13    Dex: 12    Spells: 0 memorised, 5 levels left

rFire  . . .     SeeInvis +     a - +0 rapier
rCold  . . .     Gourm    .     b - +0 scale mail
rNeg   . . .     Faith    .     c - +0 shield
rPois  .         Spirit   .     (helmet unavailable)
rElec  .         Dismiss  .     (no cloak)
rCorr  .         Reflect  +     (no gloves)
SustAt .         Harm     .     (no boots)
MR     .....                    g - +3 amulet of reflection
Stlth  ..........               (no ring)
                                m - ring of flight

@: not resistant to hostile enchantments, extremely unstealthy
A: permanent stasis, dig shafts and tunnels, four strong arms, antennae 3
a: Dig, Shaft Self, Evoke Flight


You were on level 3 of the Dungeon.
You were very hungry.

You visited 1 branch of the dungeon, and saw 3 of its levels.

You collected 85 gold pieces.

Inventory:

Hand Weapons
 a - a +0 rapier (weapon)
Armour
 b - a +0 scale mail (worn)
 c - a +0 shield (worn)
Jewellery
 g - a +3 amulet of reflection (around neck)
 m - a ring of flight (left hand)
Scrolls
 i - a scroll of enchant weapon {unknown}
 n - 2 scrolls of identify {unknown}
Potions
 d - a potion of might
 e - a potion of ambrosia {unknown}
 h - 2 potions of flight {unknown}
 j - a potion of brilliance {unknown}
 k - 2 potions of invisibility {unknown}
 l - 2 potions of curing {unknown}
Comestibles
 f - 2 bread rations


   Skills:
 + Level 4.0 Fighting
 + Level 2.8 Short Blades
 + Level 4.1 Armour
 * Level 2.5 Dodging
 + Level 4.9 Shields


You had 5 spell levels left.
You didn't know any spells.

Dungeon Overview and Level Annotations

Branches:
Dungeon (3/15)

Altars:

Annotations:
D:3 Grinder


Innate Abilities, Weirdness & Mutations

You are under a permanent stasis effect.
You can dig through walls and to a lower floor.
Your four strong arms can wield two-handed weapons with a shield.
You have a pair of large antennae on your head (SInv).


Message History

You hit Grinder.
Grinder is heavily wounded.
Grinder hits you.
You writhe in agony.
* * * LOW HITPOINT WARNING * * *
You hit Grinder but do no damage.
Grinder is heavily wounded.
You block Grinder's attack. The giant newt closely misses you.
You closely miss Grinder.
Grinder is heavily wounded.
You block Grinder's attack. The giant newt misses you.
You hit Grinder but do no damage.
Grinder is heavily wounded.
Grinder gestures at you. Pain shoots through your body!
* * * LOW HITPOINT WARNING * * *
You block the giant newt's attack. Grinder closely misses you.
You closely miss Grinder.
Grinder is heavily wounded.
You block the giant newt's attack. Grinder hits you.
You die...

##### #...# ..
#>..##...
#<.......
#....#... ####
###.##.##...
.....##...........
..........##......
.........@5..#....
.....#....l..# ...
........###..# .
.......## #..[.
....... .....
.....#. ....
....#( $.. #.# ...


You could see Grinder and a giant newt.

Vanquished Creatures
  Natasha (thrice) (D:2)
  4 gnolls (D:2)
  2 adders (D:2)
  An ooze (D:2)
  3 worms
  2 dart slugs (D:1)
  4 giant geckos
  4 bats
  3 giant cockroaches
  4 goblins (D:1)
  9 hobgoblins
  14 jackals
  5 kobolds
  2 giant newts (D:1)
  2 rats
62 creatures vanquished.

Notes
Turn   | Place    | Note
--------------------------------------------------------------
     0 | D:1      | Guinours the Formicid Fighter began the quest for the Orb.
     0 | D:1      | Reached XP level 1. HP: 18/18 MP: 1/1
    62 | D:1      | Reached XP level 2. HP: 5/24 MP: 2/2
   365 | D:1      | Reached skill level 1 in Dodging
   365 | D:1      | Reached XP level 3. HP: 25/29 MP: 3/3
   894 | D:1      | Reached XP level 4. HP: 36/37 MP: 4/4
  1654 | D:2      | Reached XP level 5. HP: 30/42 MP: 5/5
  1901 | D:2      | Noticed Natasha
  1935 | D:2      | Killed Natasha
  2073 | D:2      | Noticed Natasha
  2105 | D:2      | Killed Natasha
  2295 | D:2      | Noticed Natasha
  2300 | D:2      | Killed Natasha
  2300 | D:2      | Reached XP level 6. HP: 24/48 MP: 6/6
  2751 | D:3      | Noticed Grinder
  2794 | D:3      | Slain by Grinder

Skill      XL: |  1  2  3  4  5 |
---------------+----------------+-----
Dodging        | 1 2 |  2.5
Shields        | 4 |  4.9
Fighting       | 4 |  4.0
Armour         | 4 |  4.1
Short Blades   | |  2.8

Action                   |  1- 3 |  4- 6 || total
-------------------------+-------+-------++-------
Melee: Rapier            |   128 |   172 ||   300
  Use: Scroll            |       |     1 ||     1
  Eat: Chunk             |       |     5 ||     5
Armor: Scale mail        |    50 |    33 ||    83
Dodge: Dodged            |    54 |    55 ||   109
Block: Shield            |    84 |    98 ||   182
       Reflection        |       |     1 ||     1
